TOP OF THE 1ST |
Los Cabos Cartel batting - Pitching for Chicago Machine : RHP Teruo Sato
|
Pitching: RHP Teruo Sato
|
|
Batting: RHB Dan Mason
|
0-0: Called Strike 0-1: Ball 1-1: Ball 2-1: SINGLE (Line Drive, 56)
|
Batting: LHB Luis González
|
0-0: Ball 1-0: Ball 2-0: Foul Ball, location: 2F 2-1: Ball 3-1: Called Strike 3-2: Base on Balls Dan Mason to second
|
Batting: SHB Julián Madrid
|
0-0: Ball 1-0: Ball 2-0: Ball 3-0: Base on Balls Dan Mason to third Luis González to second
|
Batting: LHB Truman Hodge
|
0-0: Ball 1-0: Swinging Strike 1-1: Grounds into double play, 5-4-3 (Groundball, 5) Dan Mason scores Luis González to third
|
Batting: RHB Stephen Wilson
|
0-0: Called Strike 0-1: Ball 1-1: Called Strike 1-2: Strikes out looking
|
Top of the 1st over - 1 run(s), 1 hit(s), 0 error(s), 1 left on base; Los Cabos 1 - Chicago 0 |
BOTTOM OF THE 1ST |
Chicago Machine batting - Pitching for Los Cabos Cartel : RHP Vicente Durán
|
Pitching: RHP Vicente Durán
|
|
Batting: LHB Francisco Vega
|
0-0: Ball 1-0: Fly out, F9 (Flyball, 89XD)
|
Batting: SHB Joaquín López
|
0-0: Ball 1-0: Called Strike 1-1: Called Strike 1-2: Strikes out swinging
|
Batting: LHB Luis Espinoza
|
0-0: DOUBLE (Flyball, 7LS)
|
Batting: LHB Bob Smith
|
0-0: Swinging Strike 0-1: Fly out, F8 (Line Drive, 8LS)
|
Bottom of the 1st over - 0 run(s), 1 hit(s), 0 error(s), 1 left on base; Los Cabos 1 - Chicago 0 |
TOP OF THE 2ND |
Los Cabos Cartel batting - Pitching for Chicago Machine : RHP Teruo Sato
|
Batting: LHB Manny Quiñones
|
0-0: Ball 1-0: Ground out 4-3 (Groundball, 4)
|
Batting: RHB Sam Wallace
|
0-0: Swinging Strike 0-1: Foul Ball, location: 2F 0-2: Strikes out swinging
|
Batting: LHB José Rivas
|
0-0: Ball 1-0: Ball 2-0: Ball 3-0: Called Strike 3-1: DOUBLE (Line Drive, 7LS)
|
Batting: RHB Oliver Lugo
|
0-0: Ball 1-0: Ball 2-0: Ball 3-0: Base on Balls
|
Batting: RHB Dan Mason
|
Single, Error in OF, E8, batter to second base José Rivas scores Oliver Lugo to third
|
Batting: LHB Luis González
|
0-0: Ball 1-0: Ball 2-0: Called Strike 2-1: Ground out 4-3 (Groundball, 4)
|
Top of the 2nd over - 1 run(s), 2 hit(s), 1 error(s), 2 left on base; Los Cabos 2 - Chicago 0 |
BOTTOM OF THE 2ND |
Chicago Machine batting - Pitching for Los Cabos Cartel : RHP Vicente Durán
|
Batting: LHB Marcos Vargas
|
0-0: Ball 1-0: Ball 2-0: Called Strike 2-1: Ball 3-1: Base on Balls
|
Batting: RHB Roberto Cardona
|
0-0: Ball 1-0: Ball 2-0: Called Strike 2-1: Grounds into double play, 6-4-3 (Groundball, 6)
|
Batting: RHB Derek Ramsey
|
0-0: Fly out, F9 (Flyball, 89S)
|
Bottom of the 2nd over - 0 run(s), 0 hit(s), 0 error(s), 0 left on base; Los Cabos 2 - Chicago 0 |
TOP OF THE 3RD |
Los Cabos Cartel batting - Pitching for Chicago Machine : RHP Teruo Sato
|
Batting: SHB Julián Madrid
|
0-0: Ball 1-0: Called Strike 1-1: Ball 2-1: Ground out 4-3 (Groundball, 4)
|
Batting: LHB Truman Hodge
|
0-0: Ball 1-0: SINGLE (Groundball, 4MD)
|
Batting: RHB Stephen Wilson
|
0-0: Swinging Strike 0-1: Ball 1-1: Called Strike 1-2: Strikes out looking
|
Batting: LHB Manny Quiñones
|
0-0: SINGLE (Flyball, 7S) Truman Hodge to second
|
Batting: RHB Sam Wallace
|
0-0: Foul Ball, location: 2F 0-1: Ball 1-1: Ball 2-1: Fly out, F8 (Flyball, 8RXD)
|
Top of the 3rd over - 0 run(s), 2 hit(s), 0 error(s), 2 left on base; Los Cabos 2 - Chicago 0 |
BOTTOM OF THE 3RD |
Chicago Machine batting - Pitching for Los Cabos Cartel : RHP Vicente Durán
|
Batting: RHB Fabrice Brodeur
|
0-0: Ball 1-0: Foul Ball, location: 2F 1-1: Foul Ball, location: 2F 1-2: Foul Ball, location: 2F 1-2: Foul Ball, location: 2F 1-2: Ball 2-2: Strikes out swinging
|
Batting: RHB Rick Ayliffe
|
0-0: Ball 1-0: Ground out 6-3 (Groundball, 6)
|
Batting: LHB Francisco Vega
|
0-0: Fly out, F7 (Flyball, 7LMF)
|
Bottom of the 3rd over - 0 run(s), 0 hit(s), 0 error(s), 0 left on base; Los Cabos 2 - Chicago 0 |
TOP OF THE 4TH |
Los Cabos Cartel batting - Pitching for Chicago Machine : RHP Teruo Sato
|
Batting: LHB José Rivas
|
0-0: Swinging Strike 0-1: Ball 1-1: Swinging Strike 1-2: Strikes out swinging
|
Batting: RHB Oliver Lugo
|
0-0: Ball 1-0: Ball 2-0: Swinging Strike 2-1: Foul Ball, location: 2F 2-2: Foul Ball, location: 2F 2-2: Ball 3-2: SINGLE (Line Drive, 4)
|
Batting: RHB Dan Mason
|
0-0: Ball Oliver Lugo is caught stealing 2nd base 1-0: Called Strike 1-1: Called Strike 1-2: Strikes out swinging
|
Top of the 4th over - 0 run(s), 1 hit(s), 0 error(s), 0 left on base; Los Cabos 2 - Chicago 0 |
BOTTOM OF THE 4TH |
Chicago Machine batting - Pitching for Los Cabos Cartel : RHP Vicente Durán
|
Batting: SHB Joaquín López
|
0-0: Ball 1-0: Ball 2-0: Ground out 6-3 (Groundball, 6)
|
Batting: LHB Luis Espinoza
|
0-0: Called Strike 0-1: Ball 1-1: SINGLE (Line Drive, 6D)
|
Batting: LHB Bob Smith
|
0-0: Ball 1-0: Called Strike 1-1: Swinging Strike 1-2: Ball 2-2: Strikes out swinging
|
Batting: LHB Marcos Vargas
|
0-0: Ball 1-0: Ball 2-0: Ball 3-0: Base on Balls Luis Espinoza to second
|
Batting: RHB Roberto Cardona
|
0-0: Ball 1-0: Ground out 5-3 (Groundball, 5S)
|
Bottom of the 4th over - 0 run(s), 1 hit(s), 0 error(s), 2 left on base; Los Cabos 2 - Chicago 0 |
TOP OF THE 5TH |
Los Cabos Cartel batting - Pitching for Chicago Machine : RHP Teruo Sato
|
Batting: LHB Luis González
|
0-0: Ball 1-0: Ball 2-0: Ball 3-0: Base on Balls
|
Batting: SHB Julián Madrid
|
0-0: Ball 1-0: Ball 2-0: Called Strike 2-1: SINGLE (Groundball, 34D) Luis González to second Runner from 2nd tries for 3rd, SAFE, throw made to third
|
Batting: LHB Truman Hodge
|
0-0: Ball 1-0: Foul Ball, location: 2F 1-1: Ball 2-1: Swinging Strike 2-2: Fly out, F6 (Line Drive, 6)
|
Batting: RHB Stephen Wilson
|
0-0: Fly out, F9 (Flyball, 9LM) Runner from 3rd tags up, SCORES, no throw
|
Batting: LHB Manny Quiñones
|
0-0: Ball 1-0: Ball 2-0: Foul Ball, location: 2F 2-1: Ball 3-1: Foul Ball, location: 2F 3-2: SINGLE (Groundball, 34) Julián Madrid to second Julián Madrid to third
|
Batting: RHB Sam Wallace
|
0-0: Called Strike 0-1: Foul Ball, location: 2F 0-2: Strikes out swinging
|
Top of the 5th over - 1 run(s), 2 hit(s), 0 error(s), 2 left on base; Los Cabos 3 - Chicago 0 |
BOTTOM OF THE 5TH |
Chicago Machine batting - Pitching for Los Cabos Cartel : RHP Vicente Durán
|
Batting: RHB Derek Ramsey
|
0-0: SINGLE (Groundball, 5)
|
Batting: RHB Fabrice Brodeur
|
0-0: Ball 1-0: Ball 2-0: Ball 3-0: Base on Balls Derek Ramsey to second
|
Batting: RHB Rick Ayliffe
|
0-0: Ball 1-0: Ball 2-0: Ball 3-0: Called Strike 3-1: Called Strike 3-2: Foul Ball, location: 2F 3-2: Fly out, F3 (Popup, 13)
|
Batting: LHB Francisco Vega
|
0-0: Called Strike 0-1: Ball 1-1: Grounds into double play, 6-4-3 (Groundball, 6M)
|
Bottom of the 5th over - 0 run(s), 1 hit(s), 0 error(s), 1 left on base; Los Cabos 3 - Chicago 0 |
TOP OF THE 6TH |
Los Cabos Cartel batting - Pitching for Chicago Machine : RHP Teruo Sato
|
Batting: LHB José Rivas
|
0-0: Ball 1-0: Called Strike 1-1: Ground out 6-3 (Groundball, 6)
|
Batting: RHB Oliver Lugo
|
0-0: Called Strike 0-1: Ball 1-1: Ball 2-1: Called Strike 2-2: Ball 3-2: Ground out 6-3 (Groundball, 6)
|
Batting: RHB Dan Mason
|
0-0: DOUBLE (Line Drive, 5L)
|
Batting: LHB Luis González
|
0-0: Ball 1-0: Ball 2-0: Foul Ball, location: 2F 2-1: Foul Ball, location: 2F 2-2: Ball 3-2: Fly out, F9 (Flyball, 9D)
|
Top of the 6th over - 0 run(s), 1 hit(s), 0 error(s), 1 left on base; Los Cabos 3 - Chicago 0 |
BOTTOM OF THE 6TH |
Chicago Machine batting - Pitching for Los Cabos Cartel : RHP Vicente Durán
|
Batting: SHB Joaquín López
|
0-0: Ball 1-0: Fly out, F9 (Flyball, 89D)
|
Batting: LHB Luis Espinoza
|
0-0: Ball 1-0: Called Strike 1-1: Foul Ball, location: 2F 1-2: Ground out 5-3 (Groundball, 5S)
|
Batting: LHB Bob Smith
|
0-0: Ball 1-0: Ball 2-0: Foul Ball, location: 2F 2-1: Ground out 5-3 (Groundball, 56S)
|
Bottom of the 6th over - 0 run(s), 0 hit(s), 0 error(s), 0 left on base; Los Cabos 3 - Chicago 0 |
TOP OF THE 7TH |
Los Cabos Cartel batting - Pitching for Chicago Machine : RHP Teruo Sato
|
Pitching: RHP César Menéndez
|
|
Batting: SHB Julián Madrid
|
0-0: Ball 1-0: Called Strike 1-1: Foul Ball, location: 2F 1-2: Strikes out looking
|
Batting: LHB Truman Hodge
|
0-0: Ground out 4-3 (Groundball, 4)
|
Batting: RHB Stephen Wilson
|
0-0: Fly out, F3 (Line Drive, 34S)
|
Top of the 7th over - 0 run(s), 0 hit(s), 0 error(s), 0 left on base; Los Cabos 3 - Chicago 0 |
BOTTOM OF THE 7TH |
Chicago Machine batting - Pitching for Los Cabos Cartel : RHP Vicente Durán
|
Batting: LHB Marcos Vargas
|
0-0: Swinging Strike 0-1: Fly out, F9 (Line Drive, 89M)
|
Batting: RHB Roberto Cardona
|
0-0: Ball 1-0: SINGLE (Groundball, 4M)
|
Batting: RHB Derek Ramsey
|
0-0: Ball 1-0: Grounds into double play, 4-6-3 (Groundball, 4)
|
Bottom of the 7th over - 0 run(s), 1 hit(s), 0 error(s), 0 left on base; Los Cabos 3 - Chicago 0 |
TOP OF THE 8TH |
Los Cabos Cartel batting - Pitching for Chicago Machine : RHP César Menéndez
|
Batting: LHB Manny Quiñones
|
0-0: SINGLE (Groundball, 34S)
|
Batting: RHB Sam Wallace
|
0-0: Bunted foul 0-1: Ball 1-1: Sac Bunt - play at first, batter OUT! 1-4 Manny Quiñones to second
|
Batting: LHB José Rivas
|
0-0: Intentional Walk
|
Batting: RHB Oliver Lugo
|
0-0: Called Strike 0-1: Fielders Choice at 2nd, 4-6 (Groundball, 4) Manny Quiñones to third
|
Batting: RHB Dan Mason
|
0-0: Ball 1-0: Called Strike 1-1: Ball 2-1: Called Strike 2-2: Strikes out swinging
|
Top of the 8th over - 0 run(s), 1 hit(s), 0 error(s), 2 left on base; Los Cabos 3 - Chicago 0 |
BOTTOM OF THE 8TH |
Chicago Machine batting - Pitching for Los Cabos Cartel : RHP Vicente Durán
|
Batting: RHB Fabrice Brodeur
|
0-0: Ground out 5-3 (Groundball, 5S)
|
Batting: RHB Rick Ayliffe
|
0-0: Called Strike 0-1: Ball 1-1: Called Strike 1-2: Ball 2-2: Foul Ball, location: 2F 2-2: Foul Ball, location: 2F 2-2: Ground out 4-3 (Groundball, 4)
|
Batting: LHB Francisco Vega
|
0-0: Called Strike 0-1: Fly out, F7 (Flyball, 8LM)
|
Bottom of the 8th over - 0 run(s), 0 hit(s), 0 error(s), 0 left on base; Los Cabos 3 - Chicago 0 |
TOP OF THE 9TH |
Los Cabos Cartel batting - Pitching for Chicago Machine : RHP César Menéndez
|
Batting: LHB Luis González
|
0-0: DOUBLE (Line Drive, 78D)
|
Batting: SHB Julián Madrid
|
0-0: Intentional Walk
|
Batting: LHB Truman Hodge
|
0-0: Foul Ball, location: 2F 0-1: Called Strike 0-2: Ball 1-2: Strikes out swinging
|
Batting: RHB Stephen Wilson
|
0-0: Grounds into double play, U6-3 (Groundball, 6)
|
Top of the 9th over - 0 run(s), 1 hit(s), 0 error(s), 1 left on base; Los Cabos 3 - Chicago 0 |
BOTTOM OF THE 9TH |
Chicago Machine batting - Pitching for Los Cabos Cartel : RHP Vicente Durán
|
Batting: SHB Joaquín López
|
0-0: Fly out, F9 (Flyball, 9LD)
|
Batting: LHB Luis Espinoza
|
0-0: Ball 1-0: Foul Ball, location: 2F 1-1: Ball 2-1: Called Strike 2-2: Foul Ball, location: 2F 2-2: Ground out 4-3 (Groundball, 13)
|
Batting: LHB Bob Smith
|
0-0: Called Strike 0-1: Ball 1-1: Ball 2-1: Foul Ball, location: 2F 2-2: Ball 3-2: Ground out 4-3 (Groundball, 4)
|
Bottom of the 9th over - 0 run(s), 0 hit(s), 0 error(s), 0 left on base; Los Cabos 3 - Chicago 0 |
|